 Dungeon Crawl Stone Soup version 0.28-a0-1415-g7c84da036a (webtiles) character file.

Game seed: 14239405358012230324

1143 Hasart the Sneak (level 8, -3/36 HPs)
             Began as a Kobold Enchanter on Jan 7, 2022.
             Was a Follower of Hepliaklqana.
             Slain by a killer bee (5 damage)
             ... on level 6 of the Dungeon.
             The game lasted 00:12:16 (5926 turns).

Hasart the Sneak (Kobold Enchanter)                 Turns: 5926, Time: 00:12:16

Health: -3/36      AC:  9    Str:  5    XL:     8   Next: 64%
Magic:  10/14      EV: 16    Int: 19    God:    Hepliaklqana [*.....]
Gold:   257        SH:  0    Dex: 15    Spells: 10/15 levels left

rFire   . . .      SeeInvis +   t - +1 dagger (elec)
rCold   . . .      Faith    .   (no shield)
rNeg    . . .      Spirit   .   b - +0 robe
rPois   .          Reflect  .   f - +2 hat
rElec   .          Harm     .   p - +0 cloak
rCorr   .          Rampage  .   (no gloves)
Will    .....                   (no boots)
Stlth   ++++......              (no amulet)
HPRegen 0.12/turn               j - +4 ring of protection
MPRegen 0.14/turn               q - ring of see invisible

@: lethally poisoned (-3 -> -20), marked, studying Bows
A: reduced essence, small, no large weapons, nightstalker 3
a: Renounce Religion, Recall Ancestor, Ancestor Identity


You were on level 6 of the Dungeon.
You worshipped Hepliaklqana.
Hepliaklqana was aware of your devotion.
You visited 2 branches of the dungeon, and saw 8 of its levels.

You collected 257 gold pieces.

Inventory:

Hand Weapons
 h - a +1 dagger of venom
 t - a +1 dagger of electrocution (weapon)
Armour
 b - a +0 robe (worn)
 f - a +2 hat (worn)
 p - a +0 cloak (worn)
Jewellery
 d - a ring of ice
 j - a +4 ring of protection (left hand)
 q - a ring of see invisible (right hand)
Scrolls
 a - 3 scrolls of identify {unknown}
 g - a scroll of fear {unknown}
 o - a scroll of teleportation {unknown}
Potions
 c - 2 potions of invisibility
 i - a potion of haste {unknown}
 k - 2 potions of flight {unknown}
 l - a potion of cancellation {unknown}
 m - a potion of attraction {unknown}
 n - a potion of mutation {unknown}
 s - a potion of heal wounds {unknown}


   Skills:
 + Level 4.8 Short Blades
 + Level 4.9 Dodging
 + Level 6.5 Stealth
 + Level 4.1 Spellcasting
 * Level 6.0 Hexes
 + Level 3.3 Ice Magic


You had 10 spell levels left.
You knew the following spells:

 Your Spells              Type           Power      Damage    Failure   Level
a - Ensorcelled Hibernat  Hex/Ice        42%        N/A       3%          2
b - Confusing Touch       Hex            26%        N/A       3%          3

Your spell library contained the following spells:

 Spells                   Type           Power      Damage    Failure   Level
 Tukima's Dance           Hex            26%        N/A       3%          3
 Dazzling Flash           Conj/Hex       30%        N/A       12%         3
 Magic Dart               Conj           12%        1d3       14%         1
 Call Imp                 Summ           3%         N/A       21%         2
 Sublimation of Blood     Necr           3%         N/A       21%         2
 Mephitic Cloud           Conj/Pois/Air  3%         N/A       38%         3
 Petrify                  Tmut/Erth      3%         N/A       80%         4
 Irradiate                Conj/Tmut      1%         3d13      98%         5


Dungeon Overview and Level Annotations

Branches:
Dungeon (7/15)             Temple (1/1) D:5

Altars:
Ashenzari
Cheibriados
Dithmenos
Elyvilon
Gozag
Hepliaklqana
Kikubaaqudgha
Nemelex Xobeh
Okawaru
Trog
Uskayaw
Vehumet
Yredelemnul
The Shining One

Annotations:
D:7 Harold


Innate Abilities, Weirdness & Mutations

Your life essence is reduced to manifest your ancestor. (-10% HP)
You are small and have problems with some larger weapons.
You are completely attuned to the shadows.


Message History

You miss the killer bee. The killer bee stings you.
You are poisoned.
The killer bee poisons you! The killer bee closely misses you.
You feel sick.
Casting: Ensorcelled Hibernation (safe; 3% risk of failure)
Confirm with . or Enter, or press ? or * to list all spells.
Aiming: Ensorcelled Hibernation (safe; 3% risk of failure)
Press: ? - help, Shift-Dir - straight line, f - killer bee
Aim: a killer bee (chance to affect: 62%)
The killer bee resists with significant effort.
You feel sick. The killer bee stings you.
You are lethally poisoned!
The killer bee poisons you! The killer bee closely misses you.
Casting: Ensorcelled Hibernation (safe; 3% risk of failure)
Confirm with . or Enter, or press ? or * to list all spells.
Aiming: Ensorcelled Hibernation (safe; 3% risk of failure)
Press: ? - help, Shift-Dir - straight line, f - killer bee, p - killer bee
Aim: a killer bee (chance to affect: 62%)
The killer bee looks drowsy...
* * * LOW HITPOINT WARNING * * *
You feel very sick. The killer bee closely misses you.
The helpless killer bee fails to defend itself.
You stick the killer bee like a pincushion!!!
You kill the killer bee!
* * * LOW HITPOINT WARNING * * *
You feel sick. The killer bee stings you.
* * * LOW HITPOINT WARNING * * *
You are more poisoned.
The killer bee poisons you! The killer bee misses you.
The killer bee barely misses you. The killer bee closely misses you. x2
Your Hexes skill increases to level 6!
You hit the killer bee.
Lightning courses through the killer bee!
The killer bee is almost dead.
* * * LOW HITPOINT WARNING * * *
You feel very sick.
The killer bee stings you but does no damage.
The killer bee stings you.
You die...

#....... ###############.######
#...............# ###
#.#############.#
##.########.###### ##.####
##.#..............# #..[...
...............>#.#######..####
.###.####.##..oyy..........# .#
#.# #......#@########.## .#
#.####......#y# #.# .#
#.............# #.# .#
#.####†.......### #.# .###.
#..........## .....
#.#..##.....### .###.
#.#...........# o#
#.#####.....#.###. o# #..#
#...........


You could see 3 killer bees and an orc wizard.

Vanquished Creatures
  A necrophage (D:3)
  A sky beast (D:5)
  An ogre (D:5)
  2 centaurs
  A kobold brigand (D:5)
  2 scorpions
  2 killer bees
  A hound (D:5)
  2 orc priests
  2 iguanas (D:5)
  2 scorpion zombies (D:5)
  3 orc wizards
  4 adders
  An ufetubus (D:6)
  An adder zombie (D:5)
  2 dart slugs (D:4)
  9 orcs
  6 bats
  10 endoplasms
  5 giant cockroaches
  5 goblins
  5 hobgoblins
  3 jackals (D:1)
  9 quokkas
  5 ball pythons
  A frilled lizard (D:1)
  9 kobolds
  8 rats
103 creatures vanquished.

Vanquished Creatures (collateral kills)
  An orc priest (D:6)
1 creature vanquished.

Vanquished Creatures (others)
  An ancestor (D:6)
1 creature vanquished.

Grand Total: 105 creatures vanquished

Notes
Turn   | Place    | Note
-------+----------+-------------------------------------------
     0 | D:1      | Hasart the Kobold Enchanter began the quest for the Orb.
     0 | D:1      | Reached XP level 1. HP: 10/10 MP: 3/3
   132 | D:1      | Reached XP level 2. HP: 4/15 MP: 5/5
   388 | D:1      | Learned a level 2 spell: Ensorcelled Hibernation
   562 | D:1      | Reached XP level 3. HP: 17/19 MP: 6/6
  1239 | D:2      | Found a faded altar of an unknown god.
  1258 | D:2      | You fall into a shaft and drop 2 floors!
  1316 | D:4      | Reached XP level 4. HP: 24/24 MP: 7/7
  1342 | D:4      | Found an opulent altar of Gozag.
  1407 | D:4      | Noticed a scorpion
  1411 | D:4      | Killed a scorpion
  1412 | D:4      | Reached skill level 1 in Ice Magic
  1412 | D:4      | Reached XP level 5. HP: 28/28 MP: 7/9
  1597 | D:4      | Found an iron altar of Okawaru.
  2127 | D:4      | Found a broken altar of Ashenzari.
  2181 | D:5      | Entered Level 5 of the Dungeon
  2181 | D:5      | Noticed a centaur
  2185 | D:5      | Killed a centaur
  2186 | D:5      | Reached XP level 6. HP: 32/32 MP: 10/10
  2452 | D:3      | Found a glowing golden altar of the Shining One.
  2500 | D:3      | Noticed a necrophage
  2525 | D:3      | Killed a necrophage
  2526 | D:3      | Reached skill level 5 in Stealth
  2813 | D:3      | Learned a level 3 spell: Confusing Touch
  3850 | D:5      | Found a staircase to the Ecumenical Temple.
  3854 | D:5      | Reached XP level 7. HP: 36/36 MP: 11/11
  3857 | Temple   | Entered the Ecumenical Temple
  3912 | Temple   | Became a worshipper of Hepliaklqana the Forgotten
  4125 | D:5      | Reached skill level 5 in Hexes
  4708 | D:5      | Reached XP level 8. HP: 7/41 MP: 4/13
  5537 | D:5      | Reached * piety under Hepliaklqana
  5912 | D:7      | Noticed Harold
  5926 | D:6      | Slain by a killer bee

Illustrated notes

Levels and vault maps discovered:
D:1:      lightli_arrival_boilingwater, layout_loops_ring, minmay_vboxes
D:2:      layout_basic, hellmonk_ecumenical_altar_arch_garden, minmay_between
D:3:      layout_basic, mainiacjoe_overflow_concentric_impassable
D:4:      layout_basic, mainiacjoe_overflow_tiny_flanked,
          nicolae_overflow_hidden_temple, marbit_many_paths
D:5:      layout_basic, minmay_temple_entry_drinking_statues
D:6:      layout_loops_ring, amcnicky_mini_rare_corridor_liquid
D:7:      layout_rooms, amcnicky_altar_gilded, enter_ossuary_1,
          grunt_decor_junction, uniq_harold
Temple:   cyrus_temple_forest

Skill      XL: |  1  2  3  4  5  6  7  8 |
---------------+-------------------------+-----
Short Blades   | 2 3 4 |  4.8
Dodging        | 3 4 |  4.9
Hexes          | 4 5 6 |  6.0
Ice Magic      | 1 2 3 |  3.3
Spellcasting   | 3 4 |  4.1
Stealth        | 5 6 |  6.5

Action                   |  1- 3 |  4- 6 |  7- 9 || total
-------------------------+-------+-------+-------++-------
Melee: Dagger            |    96 |    97 |   128 ||   321
       Punch             |     3 |       |       ||     3
 Cast: Ensorcelled Hiber |       |       |    13 ||    13
       Confusing Touch   |       |       |     2 ||     2
 Stab: Sleeping          |    14 |    18 |    16 ||    48
       Distracted        |     1 |       |       ||     1
       Confused          |       |       |     3 ||     3
Armor: Robe              |    19 |    18 |    38 ||    75
Dodge: Dodged            |    61 |    46 |   111 ||   218

Table legend: (Time is in decaauts)
 A = Elapsed time spent in this place.
 B = Non-inter-level travel time spent in this place.
 C = Inter-level travel time spent in this place.
 D = Time resting spent in this place.
 E = Time spent auto-exploring this place.
 F = Levels seen in this place.
 G = Mean time per level.
                   A        B        C        D        E       F      G
               +--------+--------+--------+--------+--------+-----+--------+
         Total |   5881 |   5405 |    476 |    605 |   3915 |   8 |  735.1 |
       Dungeon |   5761 |   5309 |    452 |    605 |   3865 |   7 |  823.0 |
        Temple |    120 |     96 |     24 |      0 |     50 |   1 |  120.0 |
               +--------+--------+--------+--------+--------+-----+--------+

Top non-repeatable levels by time:
     D:5: 1777 daAuts
     D:1: 1043 daAuts
     D:4: 1033 daAuts
     D:3: 881 daAuts
     D:2: 777 daAuts
     D:6: 193 daAuts
  Temple: 120 daAuts
     D:7: 55 daAuts
